 Dungeon Crawl Stone Soup version 0.28-a0-1199-gef9e1dbd39 (webtiles) character file.

Game seed: 9813947905560208609

97696 Lavandula the Grappler (level 14, 0/117 HPs)
             Began as a Formicid Transmuter on Dec 19, 2021.
             Was a Priest of Jiyva.
             Killed from afar by a fenstrider witch (2 damage)
             ... with a toxic sludge
             ... on level 1 of the Swamp.
             The game lasted 01:10:49 (27989 turns).

Lavandula the Grappler (Formicid Transmuter)       Turns: 27989, Time: 01:10:49

Health: 0/117      AC: 14    Str: 15 (16) XL:     14   Next: 70%
Magic:  0/27       EV: 14    Int: 17      God:    Jiyva [***...]
Gold:   668        SH:  8    Dex: 15      Spells: 1/32 levels left

rFire   x . .      SeeInvis .     - Unarmed
rCold   + + +      Faith    .   (shield unavailable)
rNeg    . . .      Spirit   +   (armour currently unavailable)
rPois   +          Reflect  .   (helmet unavailable)
rElec   .          Harm     .   (cloak currently unavailable)
rCorr   +          Rampage  .   (gloves currently unavailable)
Will    ++...                   (boots currently unavailable)
Stlth   +.........              g - brooch of Shielding {Spirit SH+8}
HPRegen 1.41/turn               (ring unavailable)
MPRegen 0.55/turn               G - +4 ring of protection

@: lethally poisoned (0 -> -14), ice-form, unable to read
A: freezing attack, amphibious, boosted hp, permanent stasis, dig shafts and
tunnels, large, (antennae 3), inability to read while threatened, missing a
hand, inability to train armour, inexperienced 1, four strong arms, agile 2,
(deformed body), (fire resistance 1), strong-willed 1, wild magic 1, (acidic
bite), (engulf)
a: End Transformation, Renounce Religion, Oozemancy


You were on level 1 of the Swamp.
You worshipped Jiyva.
Jiyva was most pleased with you.
You were a creature of crystalline ice.
You visited 5 branches of the dungeon, and saw 25 of its levels.
You also visited: Bailey, Ice Cave and Volcano.

You collected 2074 gold pieces.
You spent 1406 gold pieces at shops.

Inventory:

Hand Weapons
 k - a +4 quarterstaff of chaos
Missiles
 m - 42 poisoned darts
 A - 53 boomerangs
Armour
 l - a +2 cloak (melded)
 q - a +2 leather armour of fire resistance
 u - a +0 pair of gloves
 y - +0 steam dragon scales
 D - a +0 pair of boots (melded)
 J - a +1 pair of gloves of hurling (melded)
 K - a +0 troll leather armour (melded)
Jewellery
 f - a ring of willpower
 g - the brooch of Shielding (around neck) {Spirit SH+8}
   (You bought it in a shop on level 2 of the Orcish Mines)

   [amulet of guardian spirit]

   It causes incoming damage to be divided between your reserves of health and
   magic.
   SH:        It affects your SH (+8).
 i - the ring "Amexoxku" {+Blink rCorr Str+4}
   (You acquired it in a bailey)

   [ring of resist corrosion]

   Str:       It affects your strength (+4).
   +Blink:    It lets you blink.
   rCorr:     It protects you from acid and corrosion.
 t - a ring of wizardry
 v - a +4 ring of evasion
 w - a ring of protection from cold
 z - an amulet of regeneration
 G - a +4 ring of protection (right front paw)
 N - a ring of poison resistance
 P - a ring of protection from fire
Wands
 o - a wand of mindburst (12)
 s - a wand of flame (41)
 x - a wand of digging (9)
 O - a wand of iceblast (7)
Scrolls
 d - 3 scrolls of silence
 e - 4 scrolls of enchant weapon
 n - 5 scrolls of fear
 r - a scroll of immolation
 C - a scroll of holy word
 E - a scroll of blinking {unknown}
 L - 3 scrolls of amnesia
 M - a scroll of brand weapon {unknown}
Potions
 a - 3 potions of might {unknown}
 b - 6 potions of ambrosia
 c - 2 potions of invisibility {unknown}
 h - 9 potions of mutation
 j - 2 potions of flight {unknown}
 p - 4 potions of degeneration {unknown}
 B - 3 potions of magic
 U - 2 potions of brilliance {unknown}
 W - 2 potions of resistance {unknown}
Miscellaneous
 Q - a tin of tremorstones (1/2)


   Skills:
 - Level 5.0 Fighting
 - Level 9.7 Dodging
 - Level 14.3 Unarmed Combat
 - Level 9.6 Spellcasting
 - Level 13.6 Hexes
 - Level 3.0 Translocations
 + Level 12.1 Transmutations
 - Level 3.3 Fire Magic
 - Level 5.0 Ice Magic
 - Level 5.5 Air Magic
 - Level 6.0 Poison Magic
 - Level 9.8 Evocations


You had one spell level left.
You knew the following spells:

 Your Spells              Type           Power      Damage    Failure   Level
a - Beastly Appendage     Tmut           100%       N/A       1%          1
b - Wereblood             Tmut           59%        N/A       1%          2
c - Spider Form           Tmut/Pois      50%        N/A       1%          3
d - Ice Form              Ice/Tmut       48%        N/A       4%          4
e - Alistair's Intoxicat  Tmut/Pois      33%        N/A       10%         5
f - Frozen Ramparts       Ice            64%        1d8       5%          3
g - Apportation           Tloc           48%        N/A       4%          1
h - Inner Flame           Hex/Fire       48%        N/A       1%          3
i - Storm Form            Tmut/Air       24%        N/A       93%         7
j - Passwall              Tmut/Erth      30%        N/A       2%          2

Your spell library contained the following spells:

 Spells                   Type           Power      Damage    Failure   Level
 Freeze                   Ice            100%       1d11      2%          1
 Animate Skeleton         Necr           20%        N/A       13%         1
 Summon Small Mammal      Summ           40%        N/A       13%         1
 Ensorcelled Hibernation  Hex/Ice        100%       N/A       1%          2
 Ignite Poison            Fire/Tmut/Pois 42%        N/A       2%          3
 Mephitic Cloud           Conj/Pois/Air  27%        N/A       9%          3
 Lesser Beckoning         Tloc           24%        N/A       12%         3
 Call Imp                 Summ           10%        N/A       19%         2
 Stone Arrow              Conj/Erth      20%        3d8       34%         3
 Hailstorm                Conj/Ice       21%        3d6       38%         4
 Summon Ice Beast         Ice/Summ       21%        N/A       38%         4
 Freezing Cloud           Conj/Ice/Air   13%        6-21      58%         5
 Manifold Assault         Tloc           24%        N/A       65%         5
 Animate Armour           Summ/Erth      20%        N/A       73%         4
 Summon Hydra             Summ           5%         N/A       100%        7
 Lehudib's Crystal Spear  Conj/Erth      5%         10d3      100%        8
 Summon Horrible Things   Summ           5%         N/A       100%        8
 Blink                    Tloc           Unusable   N/A       N/A         2

Dungeon Overview and Level Annotations

Branches:
Dungeon (15/15)            Temple (1/1) D:4            Lair (6/6) D:10
  Swamp (1/4) Lair:3       Spider (0/4) Lair:4        Slime (0/5) Lair:6
    Orc (2/2) D:9             Elf (0/3) Orc:2        Bailey (visited)
  IceCv (visited)         Volcano (visited)
 Vaults: D:13-14     Depths: D:15

Altars:
Ashenzari
Cheibriados
Dithmenos
Gozag
Makhleb
Okawaru
Qazlal
Ru
Trog
Uskayaw
Vehumet
Beogh
Jiyva

Shops:
Orc:1 [   Orc:2 [?*=


Innate Abilities, Weirdness & Mutations

You are a creature of crystalline ice.
You have a powerful freezing melee attack.
You are amphibious.
Your maximum health is increased.
Your armour is entirely melded.
You are incapable of wielding weapons or throwing items.
You cannot be hasted, slowed, berserked, paralysed or teleported.
You can dig through walls and to a lower floor.
((You have a pair of large antennae on your head. (SInv)))
You sometimes lose the ability to read scrolls when taking damage.
You are missing a hand.
You cannot train Armour skill.
You are somewhat inexperienced. (-2 XL)
Your four strong arms can wield two-handed weapons with a shield.
You are very agile. (Dex +4)
((Armour fits poorly on your strangely shaped body.))
((Your flesh is heat resistant. (rF+)))
You are strong-willed. (Will+)
Your spells are a little harder to cast, but a little more powerful.
((You have acidic saliva.))
((Your melee attacks may engulf your foes in ooze.))


Message History

You block the fenstrider witch's attack.
You are confused.
You feel invigorated.
You feel extremely sick. The fenstrider witch hits you!
* * * LOW HITPOINT WARNING * * *
The fenstrider witch kicks you but does no damage.
Unknown command.
You are too confused!
You miss the fenstrider witch.
The fenstrider witch is almost dead.
* * * LOW HITPOINT WARNING * * *
You feel very sick.
The fenstrider witch barely misses you. x2
Unknown command.
You feel very sick.
The fenstrider witch casts a spell at you.
The toxic sludge hits you!
You are lethally poisoned!
You partially resist.
* * * LOW HITPOINT WARNING * * *
Floosh!
You feel less invigorated.
You feel less confused.
* * * LOW HITPOINT WARNING * * *
You feel very sick.
You hear a distant slurping noise.
The fenstrider witch hits you!
* * * LOW HITPOINT WARNING * * *
The fenstrider witch barely misses you.
Unknown command.
You barely miss the fenstrider witch.
The fenstrider witch is severely wounded.
* * * LOW HITPOINT WARNING * * *
You feel very sick.
The fenstrider witch casts a spell at you.
The toxic sludge hits you!
You are more poisoned.
You partially resist.
You die...

♣♣..♣♣...≈♣♣♣.≈≈.♣≈.≈♣♣♣♣♣♣♣♣
♣≈≈...≈≈.....§≈ .≈≈.♣♣
♣.≈..≈≈≈≈≈≈.... §≈≈≈..♣♣♣
♣....≈§≈§≈§.♣♣ ≈≈≈≈≈≈.≈♣♣♣
♣♣♣≈≈♣..≈≈≈.♣♣♣ ..≈≈§≈...>.
♣≈.♣♣♣.....♣♣≈♣♣ ≈≈.≈≈≈≈.♣..
♣♣♣♣ ♣♣≈..♣≈..≈♣ ≈≈.≈≈.≈.♣..
♣♣♣≈≈≈..♣♣ ≈≈≈≈♣...♣≈
♣♣≈≈Y≈≈≈♣♣ .≈≈ ♣..♣♣♣
♣♣>.H§≈≈≈.♣ .≈ ♣♣.♣♣♣
♣.≈≈......♣ ♣ ♣..♣(
♣..≈≈≈♣.≈♣♣♣ ♣♣... ♣.....♣♣♣♣
♣♣)♣ ≈.≈§≈..♣ ♣♣...
≈§≈..≈≈♣.♣ ♣..♣. ≈≈....§♣♣♣
♣♣.♣♣♣ ....≈♣♣ ♣..♣♣♣


You could see a fenstrider witch.

Vanquished Creatures
  Rupert (Lair:3)
  Jorgrun (D:14)
  Frances (D:14)
  An orc warlord (Bailey)
  A stone giant (Volcano)
  2 eleionomae (Swamp:1)
  A dire elephant (Lair:6)
  An ettin (Orc:1)
  6 hydras
  3 boulder beetles
  A rakshasa (D:14)
  A ghost crab (Swamp:1)
  A merfolk avatar (Lair:6)
  4 centaur warriors
  2 death knights
  An alligator (Swamp:1)
  7 two-headed ogres
  10 death yaks
  6 skeletal warriors (D:14)
  A goliath frog (Swamp:1)
  2 phantasmal warriors
  2 harpies (Lair:6)
  3 orc knights
  A deep elf pyromancer (D:12)
  An orb spider (Lair:4)
  2 manticores
  6 ugly things
  A will-o-the-wisp (Swamp:1)
  6 cyclopes
  An elephant (shapeshifter) (D:13)
  19 elephants
  5 black mambas
  A molten gargoyle (Volcano)
  An ice statue (IceCv)
  15 cane toads
  An unseen horror (D:10)
  A torpor snail (shapeshifter) (D:15)
  An efreet (Volcano)
  3 freezing wraiths
  11 rime drakes
  13 komodo dragons
  A queen bee (Lair:2)
  9 polar bears
  8 trolls
  A tyrant leech (Swamp:1)
  A hornet (Swamp:1)
  A blink frog (shapeshifter) (D:15)
  7 blink frogs
  6 dream sheep (Lair:6)
  A snapping turtle (Lair:6)
  Sigmund (D:3)
  A water elemental (D:12)
  2 vampires
  4 wyverns
  A spriggan (Swamp:1)
  41 yaks
  3 wraiths
  3 basilisks
  2 fire bats (Volcano)
  3 steam dragons
  2 fire elementals (Volcano)
  7 vampire mosquitoes
  A warg (Orc:1)
  Menkaure (D:5)
  17 water moccasins
  2 swamp worms (Swamp:1)
  29 orc warriors
  An ice beast (D:7)
  A necrophage (D:7)
  4 sky beasts
  7 ogres
  A black bear (D:8)
  8 wolves (IceCv)
  18 centaurs
  3 phantoms
  10 bullfrogs
  2 earth elementals (Volcano)
  2 gnoll sergeants
  A two-headed ogre simulacrum (Orc:2)
  3 scorpions
  A jelly (Orc:2)
  30 killer bees
  20 wights
  3 electric eels
  A howler monkey (D:12)
  5 centaur zombies
  3 lava snakes (Volcano)
  12 orc priests
  Crazy Yiuf (D:2)
  A gnoll shaman (D:8)
  3 iguanas
  Natasha (thrice) (D:2)
  22 orc wizards
  A polar bear simulacrum (Orc:2)
  3 troll simulacra (Orc:2)
  A wolf simulacrum (Orc:2)
  2 human simulacra (D:9)
  22 gnolls
  A howler monkey skeleton (D:7)
  4 adders
  2 white imps
  2 ufetubi (D:5)
  An adder skeleton (D:4)
  5 worms
  6 dart slugs
  77 orcs
  3 ball pythons (D:2)
  9 endoplasms
  3 giant cockroaches
  11 goblins
  7 hobgoblins
  2 jackals (D:5)
  20 kobolds
  3 quokkas (D:2)
  8 bats
  2 frilled lizards
  21 rats
685 creatures vanquished.

Vanquished Creatures (collateral kills)
  An orc sorcerer (Orc:2)
  A troll (Orc:2)
  An orc warrior (Orc:2)
  An ogre (Orc:2)
  An elephant simulacrum (Orc:2)
  2 orc wizards (Orc:2)
  A naga simulacrum (Orc:2)
  An orc (Orc:2)
9 creatures vanquished.

Vanquished Creatures (others)
  A centaur warrior (Orc:2)
  A two-headed ogre (D:13)
  A deep elf pyromancer (D:13)
  A will-o-the-wisp (Swamp:1)
  A manticore (D:13)
  A molten gargoyle (Volcano)
  2 slime creatures (D:13)
  A troll (Orc:2)
  A shadow (D:13)
  A swamp drake (Swamp:1)
  4 orc warriors (Orc:2)
  A sky beast (D:11)
  10 centaurs
  A howler monkey (D:13)
  35 jellies
  An orc wizard (Orc:1)
  6 orcs (Orc:2)
  10 foxfires (Swamp:1)
  28 fungi
  52 plants
159 creatures vanquished.

Grand Total: 853 creatures vanquished

Notes
Turn   | Place    | Note
-------+----------+-------------------------------------------
     0 | D:1      | Lavandula the Formicid Transmuter began the quest for the
                  | Orb.
     0 | D:1      | Reached XP level 1. HP: 15/15 MP: 3/3
    82 | D:1      | Reached XP level 2. HP: 15/21 MP: 3/5
    85 | D:1      | Learned a level 2 spell: Wereblood
   573 | D:1      | Found a faded altar of an unknown god.
  1053 | D:2      | Reached skill level 4 in Unarmed Combat
  1053 | D:2      | Reached XP level 3. HP: 21/26 MP: 4/6
  1062 | D:2      | Learned a level 3 spell: Spider Form
  1452 | D:2      | Reached skill level 1 in Poison Magic
  1461 | D:2      | You fall into a shaft and drop 1 floor!
  1595 | D:3      | You fall into a shaft and drop 1 floor!
  1767 | D:4      | Found a staircase to the Ecumenical Temple.
  1769 | D:4      | Noticed an ogre
  1785 | D:4      | Killed an ogre
  1786 | D:4      | Reached XP level 4. HP: 32/32 MP: 4/7
  1786 | D:4      | Reached XP level 5. HP: 37/37 MP: 4/8
  1796 | Temple   | Entered the Ecumenical Temple
  1824 | Temple   | Became a worshipper of Ru the Awakened
  1841 | D:4      | Found a burning altar of Makhleb.
  2000 | D:3      | Noticed Sigmund
  2069 | D:3      | Killed Sigmund
  2070 | D:3      | Reached skill level 5 in Transmutations
  2070 | D:3      | Reached XP level 6. HP: 43/43 MP: 6/9
  2075 | D:3      | Reached skill level 5 in Unarmed Combat
  2576 | D:2      | Noticed Natasha
  2580 | D:2      | Gained mutation: You are agile. (Dex +2) [potion of
                  | mutation]
  2580 | D:2      | Gained mutation: Your flesh is heat resistant. (rF+)
                  | [potion of mutation]
  2580 | D:2      | Gained mutation: Your body sometimes deteriorates upon
                  | taking damage. [potion of mutation]
  2580 | D:2      | Gained mutation: Your spells are a little harder to cast,
                  | but a little more powerful. [potion of mutation]
  2585 | D:2      | Killed Natasha
  2586 | D:2      | Reached XP level 7. HP: 42/48 MP: 6/10
  2590 | D:2      | Noticed Natasha
  2596 | D:2      | Killed Natasha
  2693 | D:2      | Noticed Natasha
  2708 | D:2      | Killed Natasha
  2989 | D:2      | Reached skill level 6 in Unarmed Combat
  3121 | D:2      | Found a runed translucent door.
  3122 | D:2      | Noticed Crazy Yiuf
  3203 | D:2      | Killed Crazy Yiuf
  3760 | D:3      | Gained mutation: You cannot train Armour skill. [Ru
                  | sacrifice]
  3760 | D:3      | Reached * piety under Ru
  4469 | D:4      | Learned a level 4 spell: Ice Form
  4473 | D:4      | Found a hide-covered altar of Uskayaw.
  4643 | D:4      | Reached skill level 1 in Ice Magic
  5056 | D:5      | Entered Level 5 of the Dungeon
  5207 | D:5      | Reached XP level 8. HP: 48/54 MP: 6/13
  5226 | D:5      | Reached skill level 7 in Unarmed Combat
  5231 | D:5      | Noticed Menkaure
  5493 | D:5      | Killed Menkaure
  5494 | D:5      | Reached skill level 8 in Unarmed Combat
  5940 | D:5      | Found a stormy altar of Qazlal.
  5940 | D:5      | Found a faded altar of an unknown god.
  5945 | D:5      | Reached XP level 9. HP: 59/59 MP: 7/14
  5996 | D:5      | Found a faded altar of an unknown god.
  5998 | D:5      | Found an iron altar of Okawaru.
  6000 | D:5      | Found an opulent altar of Gozag.
  8138 | D:7      | Found a flagged portal.
  8154 | Bailey   | Entered a bailey
  8159 | Bailey   | Noticed an orc warlord
  8224 | Bailey   | Noticed an orc knight
  8265 | Bailey   | Killed an orc knight
  8266 | Bailey   | Reached skill level 5 in Ice Magic
  8266 | Bailey   | Reached skill level 9 in Unarmed Combat
  8266 | Bailey   | Reached XP level 10. HP: 43/65 MP: 11/15
  8291 | Bailey   | Found a runed translucent gate.
  8293 | Bailey   | Found a runed translucent gate.
  8295 | Bailey   | Found a runed translucent gate.
  8810 | Bailey   | Acquired the ring "Amexoxku" {+Blink rCorr Str+4}
  8822 | Bailey   | Reached skill level 14 in Unarmed Combat
  8822 | Bailey   | Reached XP level 11. HP: 33/70 MP: 16/16
  8824 | Bailey   | Got the Almanac of Damaging Poison
  8832 | Bailey   | Learned a level 5 spell: Alistair's Intoxication
  9115 | Bailey   | Killed an orc warlord
  9440 | D:7      | Found a bloodstained altar of Trog.
 11002 | D:8      | Identified the +0 leather armour of Neroh {-Tele Dex+2
                  | Stlth+}
 11289 | D:9      | Reached skill level 5 in Poison Magic
 11384 | D:9      | Found a staircase to the Orcish Mines.
 11971 | D:9      | Found a radiant altar of Vehumet.
 11991 | D:9      | Reached skill level 5 in Fighting
 12207 | D:9      | Acquired the Handbook of Icy Stones
 12238 | D:10     | Entered Level 10 of the Dungeon
 12243 | D:10     | Noticed a two-headed ogre
 12251 | D:10     | Killed a two-headed ogre
 12256 | D:10     | Learned a level 3 spell: Frozen Ramparts
 12369 | D:10     | Reached skill level 5 in Spellcasting
 12369 | D:10     | Reached XP level 12. HP: 54/86 MP: 8/19
 12721 | D:10     | Found a staircase to the Lair.
 12721 | D:10     | Noticed a death yak
 12721 | D:10     | Noticed a death yak
 12727 | D:10     | Noticed a death yak
 12732 | D:10     | Killed a death yak
 12736 | D:10     | Killed a death yak
 12747 | D:10     | Killed a death yak
 13055 | D:10     | Gained mutation: You are missing a hand. [Ru sacrifice]
 13055 | D:10     | Reached ** piety under Ru
 13055 | D:10     | Reached *** piety under Ru
 13209 | D:10     | Noticed a two-headed ogre
 13215 | D:10     | Killed a two-headed ogre
 13777 | D:10     | Learned a level 2 spell: Passwall
 13856 | D:11     | Noticed a two-headed ogre
 13859 | D:11     | Killed a two-headed ogre
 14421 | D:11     | Reached skill level 5 in Dodging
 14478 | D:11     | Reached XP level 13. HP: 88/91 MP: 22/26
 14871 | D:12     | Gained mutation: You sometimes lose the ability to read
                  | scrolls when taking damage. [Ru sacrifice]
 14871 | D:12     | Reached **** piety under Ru
 14871 | D:12     | Reached ***** piety under Ru
 15261 | D:12     | Noticed a boulder beetle
 15269 | D:12     | Killed a boulder beetle
 15378 | D:12     | Noticed a centaur warrior
 15389 | D:12     | Killed a centaur warrior
 15536 | D:12     | Noticed an eight-headed hydra
 15550 | D:12     | Killed an eight-headed hydra
 15983 | D:12     | Noticed a boulder beetle
 15994 | D:12     | Killed a boulder beetle
 16526 | Lair:1   | Entered Level 1 of the Lair of Beasts
 16637 | Lair:1   | Gained mutation: You are somewhat inexperienced. (-2 XL)
                  | [Ru sacrifice]
 16637 | Lair:1   | Reached XP level 12. HP: 103/103 MP: 25/25
 16637 | Lair:1   | Reached XP level 11. HP: 94/94 MP: 24/24
 16637 | Lair:1   | Reached ****** piety under Ru
 16644 | Lair:1   | Got the Volume of the Escort and Malediction
 16691 | Lair:1   | Noticed a seven-headed hydra
 16701 | Lair:1   | Killed a seven-headed hydra
 16706 | Lair:1   | Learned a level 3 spell: Inner Flame
 16835 | Lair:1   | Reached skill level 1 in Fire Magic
 16960 | Lair:1   | Noticed a seven-headed hydra
 16970 | Lair:1   | Killed a seven-headed hydra
 17289 | Lair:1   | Reached skill level 1 in Hexes
 17718 | Lair:2   | Reached XP level 12. HP: 86/86 MP: 16/25
 17733 | Lair:2   | Reached skill level 5 in Hexes
 18638 | Lair:3   | Noticed Rupert
 18672 | Lair:3   | Killed Rupert
 18709 | Lair:3   | Found a staircase to the Swamp.
 19544 | Lair:4   | Found a hole to the Spider Nest.
 19589 | Lair:4   | Found a dark tunnel.
 19596 | Volcano  | Entered a volcano
 19752 | Volcano  | Found a bloodstained altar of Trog.
 19755 | Volcano  | Reached skill level 10 in Hexes
 19791 | Volcano  | Noticed a stone giant
 19802 | Volcano  | Killed a stone giant
 21667 | Lair:6   | Entered Level 6 of the Lair of Beasts
 21698 | Lair:6   | Reached XP level 13. HP: 53/91 MP: 13/26
 21856 | Lair:6   | Learned a level 7 spell: Storm Form
 21925 | Lair:6   | Reached skill level 1 in Air Magic
 22374 | Lair:6   | Reached skill level 5 in Evocations
 22764 | Lair:6   | Found a viscous altar of Jiyva.
 22764 | Lair:6   | Found a staircase to the Slime Pits.
 22936 | Lair:6   | Fell from the grace of Ru
 22936 | Lair:6   | Became a worshipper of Jiyva Jastouho the Shapeless
 23211 | Orc:1    | Entered Level 1 of the Orcish Mines
 23435 | Orc:2    | Entered Level 2 of the Orcish Mines
 23511 | Orc:2    | Found a frozen archway.
 23529 | Orc:2    | Reached * piety under Jiyva
 23545 | IceCv    | Entered an ice cave
 23903 | IceCv    | Noticed a frost giant
 24062 | IceCv    | Gained mutation: Armour fits poorly on your strangely
                  | shaped body. [mutagenic glow]
 24224 | Orc:1    | Found Miameent's Antique Armour Boutique.
 24274 | Orc:1    | Bought a pair of glowing gloves for 225 gold pieces
 24274 | Orc:1    | Bought a pair of runed gloves for 225 gold pieces
 24594 | Orc:1    | Reached ** piety under Jiyva
 24667 | Orc:2    | Found a staircase to the Elven Halls.
 24729 | Orc:2    | Reached XP level 14. HP: 98/98 MP: 24/27
 24854 | Orc:2    | Found Rusow's General Store.
 24854 | Orc:2    | Found Hulelek's Magic Scroll Boutique.
 24856 | Orc:2    | Found Juahasm's Armour Shop.
 24858 | Orc:2    | Found Hedd's Jewellery Shoppe.
 24864 | Orc:2    | Bought a potion of heal wounds for 50 gold pieces
 24865 | Orc:2    | Bought a scroll of noise for 15 gold pieces
 24937 | Orc:2    | Bought the brooch of Shielding {Spirit SH+8} for 891 gold
                  | pieces
 24937 | Orc:2    | Found the brooch of Shielding {Spirit SH+8}
 25285 | D:13     | Reached skill level 5 in Air Magic
 25495 | D:13     | You fall into a shaft and drop 2 floors!
 25495 | D:15     | Entered Level 15 of the Dungeon
 25495 | D:15     | Reached *** piety under Jiyva
 25642 | D:14     | Lost mutation: Your body sometimes deteriorates upon taking
                  | damage. [Jiyva's grace]
 25642 | D:14     | Gained mutation: Your melee attacks may engulf your foes in
                  | ooze. [Jiyva's grace]
 25642 | D:14     | Gained mutation: You have acidic saliva. [Jiyva's grace]
 25642 | D:14     | Gained mutation: You are very agile. (Dex +4) [Jiyva's
                  | grace]
 25642 | D:14     | Gained mutation: You are strong-willed. (Will+) [Jiyva's
                  | grace]
 25700 | D:14     | Learned a level 1 spell: Apportation
 25760 | D:14     | Noticed Jorgrun
 25770 | D:14     | Killed Jorgrun
 25771 | D:14     | Reached skill level 1 in Translocations
 26053 | D:14     | Reached skill level 10 in Transmutations
 26604 | D:14     | Noticed Frances
 26628 | D:14     | Killed Frances
 27093 | D:13     | You fall into a shaft and drop 2 floors!
 27437 | Swamp:1  | Entered Level 1 of the Swamp
 27557 | Swamp:1  | Found a burning altar of Makhleb.
 27975 | Swamp:1  | Noticed a fenstrider witch
 27988 | Swamp:1  | HP: 4/117 [fenstrider witch (3)]
 27989 | Swamp:1  | Killed from afar by a fenstrider witch

Illustrated notes

Levels and vault maps discovered:
D:1:      dpeg_arrival_tiny_a, layout_basic, chequers_ecumenical_altar_simple
D:2:      layout_loops_cross, hangedman_decor_diamond_cutter,
          chequers_big_river, minmay_rat_hole, uniq_crazy_yiuf_cottage,
          uniq_natasha
D:3:      layout_basic, serial_bayou_crossing, uniq_sigmund
D:4:      layout_basic, mainiacjoe_overflow_catwalk,
          mainiacjoe_overflow_six_doors_small, minmay_temple_entry_mist
D:5:      layout_cave_pools, chequers_temple_overflow_minitemple, uniq_menkaure
D:6:      layout_gridville
D:7:      layout_loops_ring, kennysheep_little_box, enter_bailey_6, minivault_1,
          roderic_roman_lattice, nicolae_elevator_lobby_plus
D:8:      nicolae_cairo_tiling_very_big, layout_basic
D:9:      layout_loops_cross, mainiacjoe_overflow_chevrons, orc_0_dummy,
          bh_circular_ruins
D:10:     layout_loops_cross, dpeg_lair_monsters, special_room
          [special_room_orc]
D:11:     layout_cave_pools, hangedman_misty_isle
D:12:     layout_basic, minmay_fractal_squares_5
D:13:     minmay_four_partial_circles, layout_irregular_city, erik_vaults_1
D:14:     layout_loops_ring, serial_co_window_serial, co_window_paths_b,
          co_window_of_opportunity_a, co_window_paths_b, co_window_corner_a,
          co_window_corner_a, co_window_of_opportunity_c, co_window_corner_ca,
          co_window_cross_3, co_window_broadway_a, co_window_broadway_a,
          co_window_unsneaky_path_b, co_window_sun, glass_columns_b,
          glass_columns_a, glass_columns_a, glass_columns_a, glass_columns_b,
          uniq_frances, uniq_jorgrun
D:15:     grunt_enter_depths_snipers, layout_irregular_city, minivault_4
Temple:   eino_wide_crystal_templ
Lair:1:   layout_long_grid, grunt_forest_small_clearings, st_stairs_12,
          small_statue_intersection
Lair:2:   layout_gridlike, special_room [special_room_bee],
          infiniplex_staircase_pool
Lair:3:   layout_hall_layers, swamp_mist, special_room, uniq_rupert
Lair:4:   layout_hall_layers, nicolae_spider_entry_orb_guardian,
          nicolae_volcano_entry_s_turn, grunt_megastairs_4
Lair:5:   layout_loops_ring
Lair:6:   gammafunk_lair_ancient_temple, layout_gridlike,
          dpeg_slime_entry_enclosed_altar, chequers_serial_rivers_marsh
Swamp:1:  layout_basic_swamp, nicolae_swamp_dense_foliage, swamp_pool1,
          nicolae_swamp_godswood
Orc:1:    layout_caves, serial_shops, shop, mines_bat_river
Orc:2:    st_orc_rangers, layout_diamond_mine,
          portal_ice_cave_entry_ice_simulacra

Skill      XL: |  1  2  3  4  5  6  7  8  9 10 11 12 13 14 |
---------------+-------------------------------------------+-----
Unarmed Combat | 4 5 6 8 9 14 | 14.3
Poison Magic   | 3 6 |  6.0
Transmutations | 3 5 8 9 12 | 12.1
Spellcasting   | 3 5 9 |  9.6
Ice Magic      | 2 3 5 |  5.0
Evocations     | 3 9 |  9.8
Fighting       | 5 |  5.0
Dodging        | 5 9 |  9.7
Fire Magic     | 3 |  3.3
Hexes          | 4 13 | 13.6
Air Magic      | 4 5 |  5.5
Translocations | 3 |  3.0

Action                   |  1- 3 |  4- 6 |  7- 9 | 10-12 | 13-15 || total
-------------------------+-------+-------+-------+-------+-------++-------
Melee: Unarmed           |    75 |    58 |   270 |   567 |   721 ||  1691
       Kick              |    16 |     1 |     4 |       |       ||    21
       Punch             |     1 |       |       |     1 |       ||     2
       Quarterstaff      |       |       |    40 |    52 |    18 ||   110
Throw: Throwing net      |       |       |       |       |     1 ||     1
 Cast: Beastly Appendage |    15 |     4 |     5 |       |     2 ||    26
       Spider Form       |     1 |     6 |    18 |     9 |     7 ||    41
       Wereblood         |       |     1 |    15 |    21 |    11 ||    48
       Ice Form          |       |       |    12 |    71 |    63 ||   146
       Frozen Ramparts   |       |       |       |    29 |    38 ||    67
       Alistair's Intoxi |       |       |       |     7 |    13 ||    20
       Inner Flame       |       |       |       |     1 |     2 ||     3
       Apportation       |       |       |       |       |     1 ||     1
Invok: Sacrifice Durabil |       |       |     1 |       |       ||     1
       Reject Sacrifices |       |       |       |     1 |       ||     1
       Draw Out Power    |       |       |       |     3 |     2 ||     5
       Sacrifice Experie |       |       |       |     1 |       ||     1
       Apocalypse        |       |       |       |     1 |       ||     1
       Sacrifice a Hand  |       |       |       |     1 |       ||     1
       Power Leap        |       |       |       |       |     1 ||     1
       Sacrifice Words   |       |       |       |       |     1 ||     1
       Oozemancy         |       |       |       |       |     3 ||     3
 Abil: Shaft Self        |     1 |       |       |       |     2 ||     3
       End Transformatio |       |       |     1 |     3 |     3 ||     7
       Dig               |       |       |       |       |     6 ||     6
Evoke: Wand              |       |       |       |    23 |     4 ||    27
       Tin of tremorston |       |       |       |     3 |     3 ||     6
  Use: Scroll            |       |     3 |     6 |    13 |     6 ||    28
       Potion            |       |     1 |       |     4 |     9 ||    14
 Stab: Sleeping          |       |     1 |     2 |       |       ||     3
       Confused          |       |       |       |     3 |     1 ||     4
       Paralysed         |       |       |       |    11 |     2 ||    13
       Petrified         |       |       |       |     4 |       ||     4
       Invisible         |       |       |       |     1 |     3 ||     4
       Distracted        |       |       |       |     1 |       ||     1
       Petrifying        |       |       |       |     1 |       ||     1
Armor: Robe              |     7 |     1 |    16 |       |       ||    24
       Skin              |       |     2 |    44 |   136 |   234 ||   416
       Steam dragon scal |       |       |     4 |    21 |       ||    25
       Troll leather arm |       |       |       |     7 |    17 ||    24
Dodge: Dodged            |    40 |    33 |   203 |   273 |   401 ||   950
Block: Other             |       |       |       |       |    65 ||    65

Table legend: (Time is in decaauts)
 A = Elapsed time spent in this place.
 B = Non-inter-level travel time spent in this place.
 C = Inter-level travel time spent in this place.
 D = Time resting spent in this place.
 E = Time spent auto-exploring this place.
 F = Levels seen in this place.
 G = Mean time per level.
                   A        B        C        D        E       F      G
               +--------+--------+--------+--------+--------+-----+--------+
         Total |  27704 |  26375 |   1329 |   1724 |  19002 |  28 |  989.4 |
       Dungeon |  17589 |  16794 |    795 |   1059 |  12984 |  15 | 1172.6 |
        Temple |     35 |     35 |      0 |      0 |     24 |   1 |   35.0 |
          Lair |   6323 |   5874 |    449 |     20 |   4734 |   6 | 1053.8 |
         Swamp |    539 |    539 |      0 |     26 |    403 |   1 |  539.0 |
  Orcish Mines |   1342 |   1259 |     83 |      2 |    640 |   2 |  671.0 |
        Bailey |    978 |    978 |      0 |    564 |     17 |   1 |  978.0 |
      Ice Cave |    570 |    570 |      0 |     18 |    199 |   1 |  570.0 |
       Volcano |    325 |    325 |      0 |     35 |      0 |   1 |  325.0 |
               +--------+--------+--------+--------+--------+-----+--------+

Top non-repeatable levels by time:
    D:10: 1688 daAuts
     D:2: 1645 daAuts
    D:12: 1607 daAuts
     D:6: 1588 daAuts
     D:4: 1566 daAuts
    D:14: 1458 daAuts
  Lair:6: 1326 daAuts
     D:5: 1256 daAuts
     D:3: 1140 daAuts
    D:11: 1114 daAuts
  Lair:2: 1097 daAuts
     D:9: 1067 daAuts
  Lair:1: 1045 daAuts
     D:1: 1045 daAuts
  Lair:4: 984 daAuts
